 Dungeon Crawl Stone Soup version 0.22-a0-785-g6253c82ace (webtiles) character file.

5401 Htamos the Grappler (level 10, -11/100 HPs)
             Began as a Troll Monk on July 20, 2018.
             Was an Elder of Cheibriados.
             Mangled by an anaconda simulacrum (28 damage)
             ... led by a necromancer
             ... on level 1 of the Abyss.
             The game lasted 00:12:35 (7482 turns).

Htamos the Grappler (Troll Monk)                    Turns: 7482, Time: 00:12:35

Health: -11/100    AC:  5    Str: 30    XL:     10   Next: 40%
Magic:  9/9        EV: 14    Int: 15    God:    Cheibriados [****..]
Gold:   426        SH: 10    Dex: 24    Spells: 9/9 levels left

rFire    . . .     SeeInvis .     - Unarmed
rCold    . . .     Gourm    +   t - +1 shield
rNeg     . . .     Faith    .   a - +0 robe
rPois    .         Spirit   .   (helmet restricted)
rElec    .         Reflect  .   (no cloak)
rCorr    .         Harm     .   (gloves unavailable)
MR       .....                  (boots unavailable)
Stlth    +++.......             (no amulet)
HPRegen  0.66/turn              (no ring)
MPRegen  0.11/turn              (no ring)

@: about to teleport, very slow
A: large, unfitting armour, claws 3, fast metabolism 3, gourmand, regeneration
1, shaggy fur 1, tough skin 2
a: Bend Time, Temporal Distortion, Slouch, Renounce Religion


You were on level 1 of the Abyss.
You worshipped Cheibriados.
Cheibriados was greatly pleased with you.
You were very full.

You visited 2 branches of the dungeon, and saw 10 of its levels.
You visited the Abyss 1 time.

You collected 426 gold pieces.

Inventory:

Armour
 a - a +0 robe (worn)
 t - a +1 shield (worn)
 x - the cursed +0 robe of the Sailor {+Inv Int+3 Dex-4}
   (You found it on level 8 of the Dungeon)

   It affects your intelligence (+3).
   It affects your dexterity (-4).
   It lets you turn invisible.
   It has a curse placed upon it.
Jewellery
 i - a +3 ring of protection {unknown}
 w - an uncursed amulet of faith {unknown}
Wands
 h - a wand of paralysis (16)
 l - a wand of iceblast (5)
 o - a wand of disintegration (10)
Scrolls
 c - 2 scrolls of magic mapping
 d - 3 scrolls of teleportation
 e - 5 scrolls of remove curse
 f - a scroll of enchant weapon
 g - 5 scrolls of identify
 j - a scroll of fear
 m - 2 scrolls of enchant armour
 u - a scroll of blinking {unknown}
 y - a scroll of silence {unknown}
Potions
 n - 2 potions of haste {unknown}
 p - 3 potions of curing
 q - a potion of cancellation {unknown}
 r - 2 potions of lignification {unknown}
 s - a potion of mutation {unknown}
 v - a potion of agility {unknown}
Comestibles
 b - 18 rations


   Skills:
 + Level 6.7 Fighting
 + Level 8.2 Dodging
 + Level 3.2 Stealth
 * Level 9.3 Unarmed Combat


You had 9 spell levels left.
You didn't know any spells.
Your spell library contained the following spells:

 Spells                   Type           Power        Failure   Level  Hunger
 Fireball                 Conj/Fire      #.........   100%        5    ######.
 Conjure Flame            Conj/Fire      #.......     99%         3    ####...
 Throw Flame              Conj/Fire      #.....       96%         2    ###....
 Summon Small Mammal      Summ           #...         88%         1    ##.....
 Sticky Flame             Conj/Fire      #.......     100%        4    #####..
 Summon Ice Beast         Ice/Summ       #.......     100%        4    #####..
 Call Imp                 Summ           #.......     96%         2    ###....
 Flame Tongue             Conj/Fire      #....        88%         1    ##.....
 Call Canine Familiar     Summ           #.......     99%         3    ####...
 Inner Flame              Hex/Fire       #.......     99%         3    ####...
 Summon Lightning Spire   Summ/Air       #.......     100%        4    #####..
 Summon Guardian Golem    Hex/Summ       #.......     99%         3    ####...


Dungeon Overview and Level Annotations

Branches:
Dungeon (9/15)             Temple (1/1) D:5
   Lair: D:8-11         Orc: D:9-12

Altars:
Ashenzari
Cheibriados
Makhleb
Nemelex Xobeh
Ru
Sif Muna
Trog
Uskayaw
Vehumet
Yredelemnul
Zin

Shops:
D:7 }

Annotations:
D:9 Erolcha


Innate Abilities, Weirdness & Mutations

You are too large for most types of armour.
You have claws for hands.
Your metabolism is lightning-fast.
You like to eat raw meat.
Your natural rate of healing is unusually fast.
You are covered in fur. (AC +1)
You have very tough skin. (AC +2)


Message History

The anaconda simulacrum bites you!
* * * LOW HITPOINT WARNING * * *
The anaconda simulacrum freezes you!!
* * * LOW HITPOINT WARNING * * *
The purple ugly thing barely misses you.
As you read the scroll of teleportation, it crumbles to dust.
You feel strangely unstable.
You feel the power of the Abyss delaying your translocation!
The anaconda simulacrum misses you.
You block the anaconda simulacrum's attack.
The purple ugly thing tail-slaps you!
* * * LOW HITPOINT WARNING * * *
The anaconda simulacrum constricts you but does no damage.
The anaconda simulacrum closely misses you.
You feel much better.
You block the anaconda simulacrum's attack.
The anaconda simulacrum bites you!
* * * LOW HITPOINT WARNING * * *
The anaconda simulacrum freezes you!!
You die... # ##.. . . . #. . . . ..### # . # # .#.# #u . #. . # .uu# . . ..u. . .. # # #. # uu#

. #. ##.
####u# . ..
# . .
###uuu#
#.##..#.@##
##.# . . .#
##Z##... .
# ..#...# #
> ..#Z#. .#
# #...##
... ..#
#...# ...
..# #.
##..##.. ..
##.. #.##..
.. . .#.


You could see 2 very ugly things, 2 ugly things, an anaconda simulacrum and a
frost giant zombie.

Vanquished Creatures
  A two-headed ogre (D:8)
  An ugly thing (Abyss:1)
  A large abomination (Abyss:1)
  An orange demon (Abyss:1)
  A smoke demon (Abyss:1)
  A hornet (D:8)
  A flying skull (Abyss:1)
  A ynoxinul (Abyss:1)
  A water moccasin (D:8)
  A hornet zombie (D:7)
  An orc warrior (D:6)
  A black bear (D:8)
  An ice beast (D:6)
  A sky beast (D:6)
  4 ogres
  3 centaurs
  A big kobold (D:9)
  2 bullfrogs
  A gnoll sergeant (D:3)
  3 scorpions
  3 howler monkeys
  7 crimson imps
  A bullfrog zombie (D:6)
  3 orc wizards
  4 hounds
  A bullfrog skeleton (D:8)
  An iron imp (Abyss:1)
  3 jellies
  2 orc priests
  Ijyb (D:4)
  An iguana (D:5)
  5 worker ants
  2 hound skeletons (D:6)
  11 adders
  12 gnolls
  An ufetubus (Abyss:1)
  2 oozes
  2 worms
  2 dart slugs (D:1)
  6 leopard geckos
  21 orcs
  A giant cockroach (D:1)
  7 hobgoblins
  11 jackals
  7 quokkas
  3 ball pythons
  4 bats
  3 frilled lizards
  10 goblins
  13 kobolds
  7 rats
185 creatures vanquished.

Vanquished Creatures (others)
  3 plants (Abyss:1)
3 creatures vanquished.

Grand Total: 188 creatures vanquished

Notes
Turn   | Place    | Note
-------+----------+-------------------------------------------
     0 | D:1      | Htamos the Troll Monk began the quest for the Orb.
     0 | D:1      | Reached XP level 1. HP: 22/22 MP: 0/0
    62 | D:1      | Reached XP level 2. HP: 29/29 MP: 1/1
   411 | D:1      | You fall through a shaft!
   414 | D:2      | Reached XP level 3. HP: 33/36 MP: 2/2
   749 | D:2      | Reached XP level 4. HP: 34/44 MP: 3/3
  1755 | D:3      | Reached XP level 5. HP: 53/53 MP: 4/4
  1826 | D:3      | Reached skill level 4 in Unarmed Combat
  1940 | D:3      | Noticed an ogre
  1979 | D:3      | Killed an ogre
  1979 | D:3      | Reached XP level 6. HP: 32/61 MP: 5/5
  2758 | D:4      | Reached XP level 7. HP: 68/68 MP: 6/6
  2792 | D:4      | Reached skill level 5 in Dodging
  3282 | D:4      | Noticed Ijyb
  3292 | D:4      | Killed Ijyb
  3467 | D:5      | Entered Level 5 of the Dungeon
  3528 | D:5      | Reached skill level 5 in Unarmed Combat
  3765 | D:5      | Found a shattered altar of Ashenzari.
  3877 | D:5      | Reached XP level 8. HP: 41/79 MP: 7/7
  3999 | D:5      | Found a staircase to the Ecumenical Temple.
  4089 | Temple   | Entered the Ecumenical Temple
  4185 | Temple   | Became a worshipper of Cheibriados the Contemplative
  4185 | Temple   | Reached * piety under Cheibriados
  4185 | Temple   | Reached ** piety under Cheibriados
  4433 | D:6      | Reached skill level 5 in Fighting
  4433 | D:6      | Reached skill level 6 in Unarmed Combat
  4608 | D:6      | Reached *** piety under Cheibriados
  5420 | D:7      | Reached XP level 9. HP: 84/88 MP: 8/8
  5511 | D:7      | Found Jusixylu's Gadget Shoppe.
  5713 | D:7      | Reached skill level 7 in Unarmed Combat
  6116 | D:8      | Paralysed by a hornet for 1 turns
  6119 | D:8      | Paralysed by a hornet for 2 turns
  6535 | D:8      | Got a steaming robe
  6536 | D:8      | Identified the cursed +0 robe of the Sailor {+Inv Int+3 Dex-4} (You found it on level 8 of the Dungeon)
  6589 | D:8      | Noticed a two-headed ogre
  6598 | D:8      | Killed a two-headed ogre
  6598 | D:8      | Reached skill level 8 in Unarmed Combat
  7033 | D:9      | Reached **** piety under Cheibriados
  7123 | D:9      | Noticed Erolcha
  7127 | D:9      | Cast into level 1 of the Abyss (Erolcha)
  7135 | Abyss:1  | Found a bloodstained altar of Trog.
  7135 | Abyss:1  | Found an opulent altar of Gozag.
  7135 | Abyss:1  | Found a deep blue altar of Sif Muna.
  7135 | Abyss:1  | Found a sparkling altar of Nemelex Xobeh.
  7135 | Abyss:1  | Found a shadowy altar of Dithmenos.
  7135 | Abyss:1  | Found a shattered altar of Ashenzari.
  7136 | Abyss:1  | Found a radiant altar of Vehumet.
  7136 | Abyss:1  | Found a hazy altar of Hepliaklqana.
  7136 | Abyss:1  | Found a basalt altar of Yredelemnul.
  7136 | Abyss:1  | Found a glowing silver altar of Zin.
  7139 | Abyss:1  | Found a snail-covered altar of Cheibriados.
  7142 | Abyss:1  | Found a stormy altar of Qazlal.
  7142 | Abyss:1  | Found a white marble altar of Elyvilon.
  7142 | Abyss:1  | Found a blossoming altar of Fedhas.
  7144 | Abyss:1  | Found an ornate altar of the Wu Jian Council.
  7144 | Abyss:1  | Found a glowing golden altar of the Shining One.
  7144 | Abyss:1  | Found a hide-covered altar of Uskayaw.
  7144 | Abyss:1  | Found an ancient bone altar of Kikubaaqudgha.
  7146 | Abyss:1  | Found a burning altar of Makhleb.
  7146 | Abyss:1  | Found an ancient bone altar of Kikubaaqudgha.
  7146 | Abyss:1  | Found a shimmering altar of Xom.
  7166 | Abyss:1  | Found a snail-covered altar of Cheibriados.
  7201 | Abyss:1  | Noticed a large abomination
  7220 | Abyss:1  | Noticed an orange demon
  7222 | Abyss:1  | Noticed a smoke demon
  7231 | Abyss:1  | Killed an orange demon
  7231 | Abyss:1  | Reached XP level 10. HP: 69/100 MP: 9/9
  7317 | Abyss:1  | Killed a smoke demon
  7320 | Abyss:1  | Noticed a large abomination
  7336 | Abyss:1  | Killed a large abomination
  7336 | Abyss:1  | Reached skill level 9 in Unarmed Combat
  7415 | Abyss:1  | Found a corrupted altar of Lugonu.
  7448 | Abyss:1  | Noticed a purple very ugly thing
  7448 | Abyss:1  | Noticed a purple ugly thing
  7448 | Abyss:1  | Noticed a purple ugly thing
  7462 | Abyss:1  | Noticed a purple ugly thing
  7462 | Abyss:1  | Noticed a purple ugly thing
  7463 | Abyss:1  | Noticed a purple very ugly thing
  7473 | Abyss:1  | Killed a purple ugly thing
  7481 | Abyss:1  | HP: 5/100 [purple ugly thing (10)]
  7482 | Abyss:1  | Mangled by an anaconda simulacrum

Vault maps used:
D:1:      erik_arrival_cave_to_civilisation, minmay_pentomino_t4
D:2:      first_ration, serial_park_tiny_1, kennysheep_generic_room_3
D:4:      serial_bayou_lake_a, uniq_ijyb
D:5:      cheibrodos_helix_gallery, minmay_temple_entry_butterflies,
          evilmike_ruin_ashenzari
D:7:      serial_shops, nicolae_shop_statue_plus, grunt_ogre_cave
D:8:      hangedman_decor_riveting
D:9:      xom_shifter_show, uniq_erolcha
Temple:   roderic_octagonal_lattice_temple
Abyss:1:  abyss_greek_temple

Skill      XL: |  1  2  3  4  5  6  7  8  9 10 |
---------------+-------------------------------+-----
Dodging        | 3 4 5 7 8 |  8.2
Fighting       | 3 4 5 6 |  6.7
Unarmed Combat | 4 5 6 8 9 |  9.3
Stealth        | 2 3 |  3.2

Action                   |  1- 3 |  4- 6 |  7- 9 | 10-12 || total
-------------------------+-------+-------+-------+-------++-------
Melee: Unarmed           |    85 |   161 |   290 |    34 ||   570
       Punch             |       |     3 |     4 |       ||     7
  Use: Scroll            |       |       |    11 |     1 ||    12
       Potion            |       |       |     2 |     3 ||     5
 Stab: Sleeping          |       |     1 |     7 |       ||     8
       Distracted        |       |       |     1 |       ||     1
  Eat: Chunk             |    12 |    19 |    31 |       ||    62
Armor: Robe              |    21 |    45 |    46 |     6 ||   118
Dodge: Dodged            |    40 |    97 |   156 |    17 ||   310
Block: Shield            |       |       |    59 |    16 ||    75

Table legend:
 A = Spawn XP
 B = Non-spawn XP
 C = Spawn XP percentage of total XP
 D = Spawn monster count
 E = Non-spawn monster count
 F = Spawn count percentage of total count
 G = Total turns spent on level
                    A         B        C        D         E        F      G
               +---------+---------+-------+---------+---------+-------+---------
         Total |    1899 |    5818 |  24.6 |       4 |     181 |   2.2 |  7482
               +---------+---------+-------+---------+---------+-------+---------
           D:1 |       0 |      30 |   0.0 |       0 |      15 |   0.0 |   575
           D:2 |       0 |     120 |   0.0 |       0 |      31 |   0.0 |  1052
           D:3 |       0 |     437 |   0.0 |       0 |      37 |   0.0 |   881
           D:4 |       0 |     338 |   0.0 |       0 |      18 |   0.0 |   959
           D:5 |       0 |     505 |   0.0 |       0 |      17 |   0.0 |   667
           D:6 |       0 |    1343 |   0.0 |       0 |      29 |   0.0 |  1149
           D:7 |       0 |     660 |   0.0 |       0 |       8 |   0.0 |   666
           D:8 |       0 |    1665 |   0.0 |       0 |      11 |   0.0 |   953
           D:9 |       0 |     227 |   0.0 |       0 |      11 |   0.0 |   104
       Abyss:1 |    1899 |     493 |  79.4 |       4 |       4 |  50.0 |   355
               +---------+---------+-------+---------+---------+-------+---------
